 Dungeon Crawl Stone Soup version 0.22.1-1-ga44c0e56f4 (webtiles) character file.

28 Reeggar the Skirmisher (level 2, 0/24 HPs)
             Began as a Demonspawn Fighter on Oct 31, 2018.
             Slain by an orc priest (1 damage)
             ... on level 2 of the Dungeon.
             The game lasted 00:04:45 (1312 turns).

Reeggar the Skirmisher (Demonspawn Fighter)         Turns: 1312, Time: 00:04:46

Health: 0/24       AC:  6    Str: 21    XL:     2   Next: 96%
Magic:  2/2        EV:  7    Int:  9    God:
Gold:   116        SH:  9    Dex: 12    Spells: 1/1 levels left

rFire    . . .     SeeInvis .   a - +0 war axe
rCold    . . .     Gourm    .   c - +0 shield
rNeg     . . .     Faith    .   b - +0 scale mail
rPois    .         Spirit   .   (no helmet)
rElec    .         Reflect  .   (no cloak)
rCorr    .         Harm     .   (no gloves)
MR       .....                  (no boots)
Stlth    ..........             (no amulet)
HPRegen  0.08/turn              (no ring)
MPRegen  0.08/turn              (no ring)

@: mighty
A: sturdy frame 1
a: no special abilities


You were on level 2 of the Dungeon.
You were not hungry.

You visited 1 branch of the dungeon, and saw 2 of its levels.

You collected 116 gold pieces.

Inventory:

Hand Weapons
 a - a +0 war axe (weapon)
Armour
 b - a +0 scale mail (worn)
 c - a +0 shield (worn)
Jewellery
 e - an uncursed amulet of faith {unknown}
Scrolls
 k - a scroll of magic mapping {unknown}
 l - a scroll of immolation {unknown}
 m - 2 scrolls of fear
 p - a scroll of remove curse {unknown}
Potions
 g - a potion of flight {unknown}
 h - 2 potions of curing {unknown}
 i - a potion of heal wounds {unknown}
 j - a potion of brilliance {unknown}
 n - a potion of magic
 o - a potion of haste {unknown}
 q - a potion of resistance {unknown}
Comestibles
 f - 3 rations


   Skills:
 + Level 3.2 Fighting
 + Level 2.3 Axes
 + Level 2.9 Armour
 + Level 3.0 Shields


You had one spell level left.
You didn't know any spells.
Your spell library was empty.

Dungeon Overview and Level Annotations

Branches:
Dungeon (2/15)

Altars:


Innate Abilities, Weirdness & Mutations

Your movements are slightly less encumbered by armour. (ER -2)


Message History

The orc priest is severely wounded.
You miss something. You closely miss the leopard gecko.
The leopard gecko closely misses you.
You hear some strange, mumbled words.
A puff of flame appears from out of thin air!
The puff of flame hits you!
* * * LOW HITPOINT WARNING * * *
The orc priest hits you but does no damage.
The leopard gecko bites you.
* * * LOW HITPOINT WARNING * * *
You feel very mighty all of a sudden. Something hits you but does no damage.
The orc priest hits you but does no damage.
The leopard gecko barely misses you.
You barely miss the orc priest.
The orc priest is severely wounded.
You closely miss something. You miss the leopard gecko.
Something hits you but does no damage. The leopard gecko barely misses you.
The orc priest hits you.
You die...

## #..## #..# #?... #.##
#..# ##...# #.# ###..###...#
#.###.........#
#####.##.........#######
......#...........##!..#
....................)..#
...............l.o#........o
.......#........@##.........
......###...#....##.###o....
......# ###......#..# .....
....(.# #.######.## ....
......# #.# #! ?... ......#
... .. ... #####....
......### #######


You could see an orc priest and a leopard gecko.

Vanquished Creatures
  An ooze (D:2)
  2 worms (D:2)
  A leopard gecko (D:1)
  3 goblins (D:1)
  2 hobgoblins
  A ball python (D:1)
  2 bats (D:1)
  3 kobolds
  4 rats
19 creatures vanquished.

Notes
Turn   | Place    | Note
-------+----------+-------------------------------------------
     0 | D:1      | Reeggar the Demonspawn Fighter began the quest for the Orb.
     0 | D:1      | Reached XP level 1. HP: 18/18 MP: 1/1
   358 | D:1      | Gained mutation: Your movements are slightly less
                  | encumbered by armour. (ER -2) [demonic ancestry]
   358 | D:1      | Reached XP level 2. HP: 21/24 MP: 2/2
  1310 | D:2      | HP: 1/24 [leopard gecko (1)]
  1312 | D:2      | Slain by an orc priest

Skill      XL: |  1  2 |
---------------+-------+-----
Axes           | 2 |  2.3
Shields        | 3 |  3.0
Fighting       | |  3.2
Armour         | |  2.9

Action                   || total
-------------------------++-------
Melee: War axe           ||    69
  Use: Scroll            ||     2
       Potion            ||     1
  Eat: Ration            ||     1
Armor: Scale mail        ||    45
Dodge: Dodged            ||    27
Block: Shield            ||    29
